 Dungeon Crawl Stone Soup version 0.31-a0-986-g5e6e4ef867 (webtiles) character file.

Game seed: 10648348197077226308

20531 pokeman the Eclecticist (level 12, -7/66 HPs)
             Began as a Deep Elf Hedge Wizard on Nov 6, 2023.
             Was an Elder of Vehumet.
             Shot with an arrow by a centaur warrior (21 damage)
             ... on level 13 of the Dungeon.
             The game lasted 00:38:26 (16471 turns).

pokeman the Eclecticist (Deep Elf Hedge Wizard)    Turns: 16471, Time: 00:38:26

Health: -7/66      AC: 10    Str: 13    XL:     12   Next: 46%
Magic:  10/35      EV: 13    Int: 25    God:    Vehumet [****..]
Gold:   709        SH:  0    Dex: 14    Spells: 26/46 levels left

rFire   + . .        T - staff of fire
rCold   . . .        (no shield)
rNeg    . . .        b - +0 robe
rPois   .            e - +0 helmet
rElec   .            u - +1 cloak
rCorr   .            V - +2 pair of gloves {Stlth+}
SInv    .            j - +0 pair of boots
Will    +....        y - amulet of the acrobat
Stlth   +++          q - +6 ring of strength
HPRegen 0.31/turn    (no ring)
MPRegen 0.24/turn

%: acrobat
@: on blink cooldown, very slightly contaminated
A: no striking features
a: Renounce Religion


You were on level 13 of the Dungeon.
You worshipped Vehumet.
Vehumet was greatly pleased with you.
You visited 2 branches of the dungeon, and saw 14 of its levels.

You collected 877 gold pieces.
You spent 168 gold pieces at shops.

Inventory:

Hand Weapons
 E - a +2 dagger of venom
 M - a +1 spear of venom
Missiles
 p - 3 throwing nets
 B - 9 curare-tipped darts
Armour
 b - a +0 robe (worn)
 e - a +0 helmet (worn)
 j - a +0 pair of boots (worn)
 u - a +1 cloak (worn)
 C - an orb of light
 N - a +0 buckler
 U - a +2 scale mail of fire resistance
 V - a +2 pair of gloves of stealth (worn)
Magical Staves
 T - a staff of fire (weapon)
Jewellery
 q - a +6 ring of strength (left hand)
 y - an amulet of the acrobat (around neck)
 D - an amulet of guardian spirit
 W - a +6 ring of intelligence
Wands
 r - a wand of flame (61)
 s - a wand of roots (9)
 F - a wand of acid (13)
 I - a wand of paralysis (10)
 O - a wand of mindburst (24)
Scrolls
 c - 2 scrolls of teleportation {unknown}
 f - a scroll of amnesia {unknown}
 g - 4 scrolls of enchant armour {unknown}
 h - 9 scrolls of identify {unknown}
 o - a scroll of silence {unknown}
 v - a scroll of acquirement {unknown}
 w - 2 scrolls of torment {unknown}
 z - 3 scrolls of fog {unknown}
 G - 3 scrolls of immolation {unknown}
 H - a scroll of enchant weapon {unknown}
 L - a scroll of poison {unknown}
 P - a scroll of vulnerability {unknown}
 Q - 2 scrolls of blinking {unknown}
 S - a scroll of revelation {unknown}
Potions
 a - 2 potions of lignification
 d - 3 potions of magic
 i - a potion of enlightenment {unknown}
 k - 4 potions of heal wounds {unknown}
 l - 2 potions of resistance {unknown}
 m - 4 potions of might {unknown}
 n - 4 potions of curing
 t - 6 potions of mutation {unknown}
 x - 3 potions of degeneration {unknown}
 A - a potion of brilliance {unknown}
 J - 3 potions of haste {unknown}
 K - 2 potions of berserk rage {unknown}
 R - a potion of ambrosia {unknown}


   Skills:
 - Level 4.0 Fighting
 - Level 4.0 Armour
 - Level 3.0 Dodging
 - Level 3.0 Stealth
 + Level 5.0 Shields
 * Level 17.5 Spellcasting
 + Level 10.5 Conjurations
 - Level 1.1 Summonings
 - Level 1.1 Translocations
 + Level 9.2 Fire Magic
 - Level 1.2 Air Magic
 - Level 1.0 Poison Magic
 - Level 1.1 Evocations


You had 26 spell levels left.
You knew the following spells:

 Your Spells              Type           Power      Damage    Failure   Level
a - Magic Dart            Conj           100%       1d8       1%          1
b - Mephitic Cloud        Conj/Pois/Air  43%        N/A       1%          3
c - Call Imp              Summ           54%        N/A       2%          2
d - Blink                 Tloc           54%        N/A       2%          2
e - Stone Arrow           Conj/Erth      96%        3d13      1%          3
f - Starburst             Conj/Fire      41%        6d12      1%          6
g - Volatile Blastmotes   Fire/Tloc      100%       2d18      1%          3

Your spell library contained the following spells:

 Spells                   Type           Power      Damage    Failure   Level
 Olgreb's Toxic Radiance  Pois           27%        N/A       4%          4
 Dazzling Flash           Conj/Hex       96%        N/A       1%          3
 Slow                     Hex            84%        N/A       2%          1
 Cigotuvi's Dreadful Rot  Necr/Pois/Air  50%        N/A       2%          2
 Lesser Beckoning         Tloc           54%        N/A       2%          2
 Ensorcelled Hibernation  Hex/Ice        42%        N/A       3%          2
 Passwall                 Tmut/Erth      17%        N/A       3%          2
 Gell's Gravitas          Tloc           27%        N/A       4%          3
 Swiftness                Air            27%        N/A       4%          3
 Teleport Other           Tloc           27%        N/A       4%          3
 Passage of Golubria      Tloc           27%        N/A       14%         4
 Animate Armour           Summ/Erth      48%        N/A       19%         4
 Summon Ice Beast         Ice/Summ       24%        N/A       19%         4
 Silence                  Hex/Air        12%        N/A       45%         5
 Summon Mana Viper        Hex/Summ       24%        N/A       45%         5
 Lehudib's Crystal Spear  Conj/Erth      24%        10d7      98%         8
 Monstrous Menagerie      Summ           13%        N/A       100%        7
 Maxwell's Capacitive Co  Air            13%        ∞         100%        8


Dungeon Overview and Level Annotations

Branches:
Dungeon (13/15)            Temple (1/1) D:5            Lair (0/5) D:9
    Orc (0/2) D:9
 Vaults: D:13-14

Altars:
Ashenzari
Cheibriados
Dithmenos
Elyvilon
Fedhas
Gozag
Hepliaklqana
Kikubaaqudgha
Makhleb
Nemelex Xobeh
Okawaru
Qazlal
Ru
Sif Muna
Trog
Uskayaw
Vehumet
Wu Jian
Xom
Yredelemnul
Zin
The Shining One

Shops:
D:4 :   D:8 [   D:11 *

Annotations:
D:13 Frances, Rupert


Message History

Rupert burns you.
You feel less confused. Rupert attacks as he pursues you!
Rupert barely misses you.
Casting: Starburst (dangerous; 1% risk of failure)
Confirm with . or Enter, or press ? or * to list all spells.
You blink.
A centaur warrior comes into view.
The centaur warrior wields a +2 orcbow of freezing.
It is covered in frost.
The centaur warrior shoots an arrow.
The arrow completely misses you.
The centaur warrior shoots an arrow.
The arrow hits you! The arrow freezes you!
* * * LOW HITPOINT WARNING * * *
Casting: Blink (safe; 2% risk of failure)
Confirm with . or Enter, or press ? or * to list all spells.
Aiming: Mephitic Cloud (safe; 1% risk of failure)
Press: ? - help, Shift-Dir - straight line, f - Rupert
Aim: Rupert, wielding a +0 battleaxe of flaming and wearing a +0 scale mail (heavily wounded, chance to affect: 24%)
Okay, then.
Unknown command.
Okay, then.
Unknown command.
Casting: Mephitic Cloud (safe; 1% risk of failure)
Confirm with . or Enter, or press ? or * to list all spells.
Aiming: Mephitic Cloud (safe; 1% risk of failure)
Press: ? - help, Shift-Dir - straight line The ball explodes into a vile cloud!
The stinking cloud engulfs the centaur warrior but does no damage.
The centaur warrior shoots an arrow.
The arrow completely misses you.
Unknown command.
Unknown command.
Casting: Mephitic Cloud (safe; 1% risk of failure)
Confirm with . or Enter, or press ? or * to list all spells.
Aiming: Mephitic Cloud (safe; 1% risk of failure)
Press: ? - help, Shift-Dir - straight line, f - Rupert
Aim: Rupert, wielding a +0 battleaxe of flaming and wearing a +0 scale mail (heavily wounded, chance to affect: 24%)
The ball explodes into a vile cloud!
The stinking cloud engulfs Rupert but does no damage.
Rupert is heavily wounded.
The centaur warrior shoots an arrow.
The arrow hits you!!
You die...

########################
.c○○....................
..○☼........#########...
.☼○.....☼§☼.# #...
.......@§@○.# #...
........§.○.#########...
############.......#####
#######.# # #


You could see Rupert and a centaur warrior.

Vanquished Creatures
  Kirke (D:12)
  4 two-headed ogres
  Sonja (D:10)
  Pikel (D:8)
  A deep elf pyromancer (D:10)
  A manticore (D:11)
  A cyclops (D:13)
  Joseph (D:8)
  A gargoyle (D:12)
  A komodo dragon (D:9)
  Jeremiah (D:7)
  An efreet (D:10)
  2 hornets
  18 slime creatures
  A shadow (D:8)
  A wraith (D:10)
  2 wyverns
  19 yaks
  5 hogs (D:13)
  4 vampires
  2 vampire mosquitoes (D:13)
  Menkaure (D:7)
  2 acid dragons
  3 water moccasins
  8 orc warriors
  An ice beast (D:7)
  3 ogres (D:7)
  6 centaurs
  4 lemures (D:8)
  3 phantoms
  3 kobold brigands
  4 bullfrogs
  Blork the orc (D:4)
  3 scorpions
  5 wights (D:6)
  15 killer bees
  2 howler monkeys (D:10)
  3 jellies
  A sleepcap (D:7)
  10 orc priests
  A gnoll bouda (D:8)
  3 hounds
  3 iguanas
  Ijyb (D:3)
  Natasha (thrice) (D:3)
  12 orc wizards
  10 gnolls
  7 adders
  A shadow imp (D:5)
  4 worms
  4 dart slugs
  55 orcs
  5 ball pythons
  8 bats
  8 endoplasms
  2 giant cockroaches (D:1)
  12 goblins
  9 hobgoblins
  4 quokkas
  5 frilled lizards
  22 kobolds
  6 rats
332 creatures vanquished.

Vanquished Creatures (collateral kills)
  A killer bee (D:5)
1 creature vanquished.

Vanquished Creatures (others)
  A killer bee (D:5)
1 creature vanquished.

Grand Total: 334 creatures vanquished

Notes
Turn   | Place    | Note
-------+----------+-------------------------------------------
     0 | D:1      | pokeman the Deep Elf Hedge Wizard began the quest for the
                  | Orb.
     0 | D:1      | Reached XP level 1. HP: 10/10 MP: 7/7
   155 | D:1      | Reached XP level 2. HP: 12/15 MP: 2/9
   247 | D:1      | You fall into a shaft and drop 1 floor!
   700 | D:1      | Reached skill level 5 in Spellcasting
   907 | D:1      | Reached XP level 3. HP: 20/20 MP: 9/11
   911 | D:1      | Learned a level 3 spell: Mephitic Cloud
   914 | D:1      | Learned a level 2 spell: Call Imp
   917 | D:1      | Learned a level 2 spell: Blink
  1788 | D:2      | Reached skill level 1 in Fighting
  1788 | D:2      | Reached skill level 1 in Armour
  2001 | D:2      | Reached XP level 4. HP: 9/25 MP: 6/13
  2810 | D:3      | Noticed Ijyb
  2840 | D:3      | Killed Ijyb
  2853 | D:3      | Reached skill level 6 in Spellcasting
  2853 | D:3      | Reached XP level 5. HP: 29/29 MP: 1/15
  3257 | D:3      | Noticed Natasha
  3266 | D:3      | Killed Natasha
  3531 | D:3      | Noticed Natasha
  3541 | D:3      | Killed Natasha
  3542 | D:3      | Reached skill level 1 in Evocations
  3669 | D:3      | Noticed Natasha
  3683 | D:3      | Killed Natasha
  3793 | D:4      | Reached skill level 1 in Poison Magic
  3829 | D:4      | Noticed Blork the orc
  3857 | D:4      | Killed Blork the orc
  3858 | D:4      | Reached skill level 1 in Air Magic
  3858 | D:4      | Reached XP level 6. HP: 10/34 MP: 11/17
  4033 | D:4      | Found an opulent altar of Gozag.
  4225 | D:4      | Reached skill level 7 in Spellcasting
  4308 | D:4      | Found Nydam's Book Boutique.
  5090 | D:5      | Entered Level 5 of the Dungeon
  5239 | D:5      | Reached XP level 7. HP: 40/40 MP: 7/20
  5574 | D:5      | Reached skill level 8 in Spellcasting
  5720 | D:5      | Found a staircase to the Ecumenical Temple.
  5729 | Temple   | Entered the Ecumenical Temple
  5742 | Temple   | Became a worshipper of Vehumet
  5789 | D:5      | Reached skill level 9 in Spellcasting
  5799 | D:5      | Reached XP level 8. HP: 19/44 MP: 13/23
  5921 | D:5      | Learned a level 6 spell: Starburst
  6069 | D:5      | Reached skill level 5 in Conjurations
  6535 | D:6      | Reached skill level 1 in Fire Magic
  6646 | D:5      | Learned a level 3 spell: Volatile Blastmotes
  6780 | D:6      | Reached skill level 10 in Spellcasting
  7020 | D:6      | Reached * piety under Vehumet
  7020 | D:6      | Offered knowledge of Sandblast by Vehumet.
  7711 | D:7      | Noticed Jeremiah
  7721 | D:7      | Reached skill level 11 in Spellcasting
  7721 | D:7      | Reached XP level 9. HP: 8/49 MP: 13/26
  8468 | D:7      | Killed Jeremiah
  8591 | D:7      | Noticed Menkaure
  8597 | D:7      | Reached skill level 12 in Spellcasting
  8610 | D:7      | Killed Menkaure
  9133 | D:7      | Found a shadowy altar of Dithmenos.
  9149 | D:7      | Found a blossoming altar of Fedhas.
  9379 | D:7      | Found a burning altar of Makhleb.
  9624 | D:8      | Reached skill level 5 in Fire Magic
  9749 | D:8      | Noticed Pikel
  9771 | D:8      | Reached XP level 10. HP: 38/56 MP: 25/28
  9774 | D:8      | Reached skill level 13 in Spellcasting
 10026 | D:8      | Offered knowledge of Shock by Vehumet.
 10030 | D:8      | Reached ** piety under Vehumet
 10502 | D:8      | Found Dowuk's Antique Armour Shoppe.
 10540 | D:8      | Killed Pikel
 10752 | D:8      | Noticed Joseph
 10770 | D:8      | Killed Joseph
 11123 | D:8      | Reached skill level 14 in Spellcasting
 11270 | D:9      | Reached skill level 1 in Shields
 11274 | D:9      | Noticed a two-headed ogre
 11285 | D:9      | Killed a two-headed ogre
 11544 | D:9      | Found a staircase to the Lair.
 11657 | D:9      | Offered knowledge of Stone Arrow by Vehumet.
 11658 | D:9      | Reached XP level 11. HP: 42/61 MP: 22/31
 11665 | D:9      | Learned a level 3 spell: Stone Arrow
 11989 | D:9      | Reached *** piety under Vehumet
 12096 | D:9      | Found a staircase to the Orcish Mines.
 12352 | D:10     | Entered Level 10 of the Dungeon
 12365 | D:10     | Noticed a deep elf pyromancer
 12368 | D:10     | Killed a deep elf pyromancer
 12369 | D:10     | Reached skill level 15 in Spellcasting
 12577 | D:10     | Offered knowledge of Flame Wave by Vehumet.
 13337 | D:10     | Noticed Sonja
 13374 | D:10     | Killed Sonja
 13727 | D:11     | Identified the +5 lajatang of Kydworei {antimagic, rN+++
                  | Will- Stlth+}
 13753 | D:11     | Reached **** piety under Vehumet
 13883 | D:11     | Reached skill level 16 in Spellcasting
 14081 | D:11     | Noticed a two-headed ogre
 14085 | D:11     | Killed a two-headed ogre
 14358 | D:11     | Found Idoh's General Store.
 14362 | D:11     | Bought a potion of lignification for 36 gold pieces
 14362 | D:11     | Bought a potion of magic for 96 gold pieces
 14362 | D:11     | Bought a potion of curing for 36 gold pieces
 15029 | D:12     | Offered knowledge of Olgreb's Toxic Radiance by Vehumet.
 15171 | D:12     | Noticed a two-headed ogre
 15175 | D:12     | Noticed a two-headed ogre
 15181 | D:12     | Killed a two-headed ogre
 15182 | D:12     | Reached XP level 12. HP: 46/66 MP: 8/34
 15412 | D:12     | Reached skill level 10 in Conjurations
 15987 | D:12     | Killed a two-headed ogre
 15988 | D:12     | Reached skill level 17 in Spellcasting
 16088 | D:13     | Noticed Kirke
 16093 | D:13     | Noticed Frances
 16094 | D:13     | Noticed Rupert
 16196 | D:12     | Noticed a sphinx
 16199 | D:12     | Killed Kirke
 16407 | D:13     | Reached skill level 5 in Shields
 16420 | D:13     | Paralysed by Rupert for 5 turns
 16469 | D:13     | Noticed a centaur warrior
 16471 | D:13     | Shot with an arrow by a centaur warrior

Illustrated notes

Levels and vault maps discovered:
D:1:      lemuel_arrival_broad_hall, layout_loops_ring,
          chequers_serial_rivers_micro_d
D:2:      layout_basic, minmay_misc_feat_hallway, kennysheep_generic_room_13
D:3:      layout_basic, minmay_vboxes, uniq_ijyb, uniq_natasha
D:4:      minmay_razor_zed, layout_basic, mainiacjoe_overflow_alcove_4,
          serial_shops, nicolae_shop_behind_doors, uniq_blork_the_orc
D:5:      layout_basic, minmay_temple_entry_statues_fountains,
          chequers_serial_rivers_micro_b
D:6:      layout_loops_ring
D:7:      layout_gridville, makhleb_heckhound_becter, mainiacjoe_overflow_swirl,
          dk_noncrumbling_3, kennysheep_boxes, uniq_jeremiah, uniq_menkaure
D:8:      layout_basic, serial_shops, nicolae_shop_rolling_square,
          serial_rivers, chequers_serial_rivers_room_a,
          chequers_serial_rivers_large_a, chequers_serial_rivers_room_b,
          chequers_serial_rivers_micro_d, uniq_pikel, uniq_joseph
D:9:      layout_rooms, david_lair_shrubbed, david_orc_5
D:10:     layout_loops_cross, minmay_chambers_of_fives, uniq_sonja
D:11:     layout_grid_maze, serial_shops, shop
D:12:     layout_rooms
D:13:     layout_small_grid, grunt_dithmenos_smoke, uniq_frances, uniq_kirke,
          uniq_rupert
Temple:   mainiacjoe_temple_coin_purse

Skill      XL: |  1  2  3  4  5  6  7  8  9 10 11 12 |
---------------+-------------------------------------+-----
Spellcasting   | 5 6 7 9 11 12 14 16 17 | 17.5
Conjurations   | 2 3 4 6 7 8 9 10 | 10.5
Fighting       | 1 2 4 |  4.0
Armour         | 1 2 3 4 |  4.0
Stealth        | 3 |  3.0
Dodging        | 3 |  3.0
Evocations     | 1 |  1.1
Poison Magic   | 1 |  1.0
Air Magic      | 1 |  1.2
Fire Magic     | 3 5 6 8 9 |  9.2
Shields        | 1 4 5 |  5.0
Summonings     | |  1.1
Translocations | |  1.1

Action                     |  1- 3 |  4- 6 |  7- 9 | 10-12 || total
---------------------------+-------+-------+-------+-------++-------
  Melee: Dagger            |    54 |    69 |    96 |   146 ||   365
         Punch             |       |     1 |     3 |     2 ||     6
         Demon trident     |       |    30 |     4 |       ||    34
         Short sword       |       |       |    33 |       ||    33
         Staff             |       |       |       |     7 ||     7
   Cast: Magic Dart        |   108 |   141 |   211 |    92 ||   552
         Mephitic Cloud    |     2 |    15 |    32 |    41 ||    90
         Call Imp          |       |     3 |     6 |     1 ||    10
         Volatile Blastmot |       |       |    17 |     7 ||    24
         Blink             |       |       |     2 |     6 ||     8
         Starburst         |       |       |       |    78 ||    78
         Stone Arrow       |       |       |       |    22 ||    22
   Stab: Confused          |       |    12 |     8 |    24 ||    44
         Distracted        |       |     1 |       |       ||     1
 Armour: Robe              |    34 |    49 |    76 |   110 ||   269
  Dodge: Dodged            |    46 |    61 |    87 |   130 ||   324

Table legend: (Time is in decaauts)
 A = Elapsed time spent in this place.
 B = Non-inter-level travel time spent in this place.
 C = Inter-level travel time spent in this place.
 D = Time resting spent in this place.
 E = Time spent auto-exploring this place.
 F = Levels seen in this place.
 G = Mean time per level.
                   A        B        C        D        E       F      G
               +--------+--------+--------+--------+--------+-----+--------+
         Total |  16547 |  15678 |    869 |   1240 |  11874 |  14 | 1181.9 |
       Dungeon |  16520 |  15675 |    845 |   1240 |  11874 |  13 | 1270.8 |
        Temple |     26 |      2 |     24 |      0 |      0 |   1 |   26.0 |
               +--------+--------+--------+--------+--------+-----+--------+

Top non-repeatable levels by time:
     D:8: 1781 daAuts
    D:11: 1738 daAuts
     D:6: 1538 daAuts
     D:7: 1511 daAuts
     D:2: 1405 daAuts
     D:5: 1359 daAuts
     D:4: 1331 daAuts
    D:10: 1259 daAuts
     D:1: 1223 daAuts
     D:9: 1181 daAuts
     D:3: 1137 daAuts
    D:12: 909 daAuts
    D:13: 144 daAuts
  Temple: 26 daAuts
